 Dungeon Crawl Stone Soup version 0.21.1-1-g345015fe64 (webtiles) character file.

424 Norrik the Fighter (level 6, 0/62 HPs)
             Began as a Minotaur Gladiator on Mar 16, 2018.
             Was a Follower of Okawaru.
             Slain by Pikel
             ... wielding a +1 whip of electrocution
              (5 damage)
             ... on level 4 of the Dungeon.
             The game lasted 00:15:18 (3181 turns).

Norrik the Fighter (Minotaur Gladiator)             Turns: 3181, Time: 00:15:18

Health: 0/62       AC:  5    Str: 18 (19) XL:     6   Next: 64%
Magic:  5/5        EV: 11    Int: 10 (12) God:    Okawaru [*.....]
Gold:   141        SH:  0    Dex:  9 (11) Spells: 5/5 levels left

rFire    + . .     SeeInvis .   a - +0 trident
rCold    + . .     Gourm    .   (no shield)
rNeg     . . .     Faith    .   g - +0 ring mail
rPois    +         Spirit   .   c - +0 hat
rElec    +         Reflect  .   (no cloak)
rCorr    +         Harm     .   (no gloves)
MR       .....                  (no boots)
Stlth    ..........             (no amulet)
HPRegen  0.20/turn              (no ring)
MPRegen  0.09/turn              (no ring)

@: brilliant, resistant, hasted, very quick
A: retaliatory headbutt, horns 2
a: Heroism, Renounce Religion


You were on level 4 of the Dungeon.
You worshipped Okawaru.
Okawaru was aware of your devotion.
You were not hungry.

You visited 2 branches of the dungeon, and saw 5 of its levels.

You collected 141 gold pieces.

Inventory:

Hand Weapons
 a - a +0 trident (weapon)
 t - a +0 morningstar
Missiles
 b - 21 arrows
 d - 5 throwing nets
 m - 131 stones (quivered)
 p - 2 javelins
Armour
 c - a +0 hat (worn)
 g - a +0 ring mail (worn)
Jewellery
 i - a +4 ring of intelligence {unknown}
 r - an uncursed amulet of faith {unknown}
Scrolls
 e - 2 scrolls of identify {unknown}
 l - 2 scrolls of blinking {unknown}
 q - 4 scrolls of remove curse {unknown}
 w - a scroll of random uselessness {unknown}
Potions
 h - 2 potions of resistance
 j - a potion of agility {unknown}
 k - 2 potions of degeneration
 n - a potion of brilliance
 o - a potion of haste
 s - a potion of lignification {unknown}
 u - a potion of magic {unknown}
 v - a potion of curing {unknown}
Comestibles
 f - 10 rations
 x - 5 chunks of flesh


   Skills:
 + Level 8.7 Fighting
 - Level 3.6 Polearms
 - Level 2.0 Throwing
 - Level 3.2 Dodging


You had 5 spell levels left.
You didn't know any spells.

Dungeon Overview and Level Annotations

Branches:
Dungeon (4/15)             Temple (1/1) D:4

Altars:
Ashenzari
Cheibriados
Dithmenos
Elyvilon
Fedhas
Gozag
Hepliaklqana
Kikubaaqudgha
Makhleb
Nemelex Xobeh
Okawaru
Qazlal
Ru
Sif Muna
Trog
Uskayaw
Vehumet
Wu Jian
Xom
Yredelemnul
Zin
The Shining One

Annotations:
D:4 Pikel


Innate Abilities, Weirdness & Mutations

You reflexively headbutt those who attack you in melee.
You have a pair of horns on your head.


Message History

It was a potion of resistance.
You feel protected. The slave hits you.
* * * LOW HITPOINT WARNING * * *
Pikel hits you with a whip of electrocution.
* * * LOW HITPOINT WARNING * * *
It was a potion of degeneration.
There was something very wrong with that liquid.
You feel weakened.
You feel dopey.
You feel clumsy. The slave hits you but does no damage.
Pikel hits you but does no damage.
It was a potion of brilliance.
You feel clever all of a sudden. The slave hits you.
* * * LOW HITPOINT WARNING * * *
Pikel hits you with a whip of electrocution.
* * * LOW HITPOINT WARNING * * *
It was a potion of haste.
You feel yourself speed up. The slave hits you.
* * * LOW HITPOINT WARNING * * *
Pikel hits you with a whip of electrocution.
You die...

...<#....>........######.###.....
..................# #. ###...
...........>......## # #...
..........)........# #...
.................#.# ##. ...#
...................##....#.# .#
....................#......#
.............###p..........##
...........#.#pK@...........
....#.....##.pp###.###....#
############..##...# ....##
##....##.######....###.
###..#.#..p####..$.......
#...............#....####
#..#.........####....#
#..#.........# ##...# ...
#.........# .p..#


You could see Pikel and 4 slaves.

Vanquished Creatures
  A phantom (D:4)
  An ogre (D:4)
  A centaur skeleton (D:4)
  2 hounds (D:4)
  2 worker ants (D:4)
  4 gnolls
  2 adders (D:3)
  2 oozes
  A dart slug (D:1)
  A leopard gecko (D:1)
  An orc (D:4)
  4 giant cockroaches
  6 goblins
  A hobgoblin (D:2)
  6 jackals
  3 quokkas
  7 bats
  2 frilled lizards
  6 kobolds
  4 rats
57 creatures vanquished.

Notes
Turn   | Place    | Note
-------+----------+-------------------------------------------
     0 | D:1      | Norrik the Minotaur Gladiator began the quest for the Orb.
     0 | D:1      | Reached XP level 1. HP: 18/18 MP: 0/0
   145 | D:1      | Reached skill level 3 in Fighting
   208 | D:1      | Reached XP level 2. HP: 26/26 MP: 1/1
   607 | D:1      | Reached skill level 4 in Fighting
   725 | D:2      | Reached XP level 3. HP: 33/33 MP: 2/2
   739 | D:2      | Found a white marble altar of Elyvilon.
  1309 | D:3      | Reached skill level 5 in Fighting
  1328 | D:3      | Found a faded altar of an unknown god.
  1759 | D:3      | Reached XP level 4. HP: 42/42 MP: 3/3
  2222 | D:4      | Found a staircase to the Ecumenical Temple.
  2328 | D:4      | Reached skill level 6 in Fighting
  2355 | Temple   | Entered the Ecumenical Temple
  2641 | Temple   | Became a worshipper of Warmaster Okawaru
  2885 | Temple   | Reached XP level 5. HP: 41/51 MP: 4/4
  3007 | D:4      | Noticed a phantom
  3027 | D:4      | Reached skill level 7 in Fighting
  3063 | D:4      | Killed a phantom
  3063 | D:4      | Reached skill level 8 in Fighting
  3063 | D:4      | Reached XP level 6. HP: 50/61 MP: 5/5
  3096 | D:4      | Reached * piety under Okawaru
  3141 | D:4      | Noticed a slave
  3142 | D:4      | Noticed Pikel
  3144 | D:4      | Noticed a slave
  3144 | D:4      | Noticed a slave
  3145 | D:4      | Noticed a slave
  3181 | D:4      | Slain by Pikel

Skill      XL: |  1  2  3  4  5 |
---------------+----------------+-----
Fighting       | 3 4 5 6 8 |  8.7
Polearms       | |  3.6
Throwing       | |  2.0
Dodging        | |  3.2

Action                   |  1- 3 |  4- 6 || total
-------------------------+-------+-------++-------
Melee: Trident           |    92 |    73 ||   165
       Headbutt          |    12 |    18 ||    30
Throw: Stone             |       |     4 ||     4
  Use: Potion            |       |     4 ||     4
  Eat: Chunk             |     3 |     1 ||     4
       Ration            |       |     1 ||     1
Armor: Ring mail         |    16 |    26 ||    42
Dodge: Dodged            |    59 |    58 ||   117
